 Dungeon Crawl Stone Soup version 0.19.1-1-g22dce08 (webtiles) character file.

23 Gorglomux the Sneak (level 2, -1/13 HPs)
             Began as a Spriggan Enchanter on Jan 2, 2017.
             Slain by a kobold
             ... wielding a +0 dagger
              (2 damage)
             ... on level 1 of the Dungeon.
             The game lasted 00:01:56 (1061 turns).

Gorglomux the Sneak (Spriggan Enchanter)            Turns: 1061, Time: 00:01:57

Health: -1/13      AC:  3    Str:  4    XL:     2   Next: 75%
Magic:  5/7        EV: 18    Int: 16    God:
Gold:   19         SH:  0    Dex: 16    Spells: 2 memorised, 4 levels left

rFire  . . .     SeeInvis +     a - +1 dagger
rCold  . . .     Gourm    .     b - +1 robe
rNeg   . . .     Faith    .     (shield restricted)
rPois  .         Spirit   .     (helmet restricted)
rElec  .         Reflect  .     (no cloak)
rCorr  .         Harm     .     (gloves unavailable)
MR     .....                    (boots unavailable)
Stlth  +++.......               (no amulet)
                                (no ring)
                                (no ring)

@: very quick
A: unfitting armour, see invisible, herbivore 3, speed 3, slow metabolism 2
a: no special abilities


You were on level 1 of the Dungeon.
You were not hungry.

You visited 1 branch of the dungeon, and saw 1 of its levels.

You collected 19 gold pieces.

Inventory:

Hand Weapons
 a - a +1 dagger (weapon)
Armour
 b - a +1 robe (worn)
Scrolls
 g - a scroll of noise {unknown}
 i - a scroll of remove curse {unknown}
Potions
 e - 2 potions of curing {unknown}
 h - a potion of degeneration {unknown}
Books
 c - a book of Maledictions

   Spells                             Type                      Level
   a - Corona                         Hexes                        1
   b - Ensorcelled Hibernation        Hexes/Ice                    2
   c - Confuse                        Hexes                        3
   d - Tukima's Dance                 Hexes                        3
   e - Dazzling Spray                 Conjuration/Hexes            3
Comestibles
 d - a bread ration
 f - a slice of pizza


   Skills:
 + Level 1.8 Short Blades
 - Level 3.0 Dodging
 + Level 4.8 Stealth
 + Level 3.3 Spellcasting
 + Level 3.8 Hexes


You had 4 spell levels left.
You knew the following spells:

 Your Spells              Type           Power        Failure   Level  Hunger
a - Corona                Hex            ##.....      4%          1    None
b - Ensorcelled Hibernat  Hex/Ice        #.....       14%         2    ##.....


Dungeon Overview and Level Annotations

Branches:
Dungeon (1/15)

Altars:


Innate Abilities, Weirdness & Mutations

You are very small and have problems with some larger weapons.
You are too small for most types of armour.
You have supernaturally acute eyesight. (SInv)
You are a herbivore.
You cover ground extremely quickly.
You need consume almost no food.


Message History

The kobold is heavily wounded.
The kobold hits you with a dagger.
You hit the kobold.
The kobold is severely wounded.
The kobold hits you but does no damage.
You barely miss the kobold.
The kobold is severely wounded.
You closely miss the kobold.
The kobold is severely wounded.
The kobold hits you with a dagger.
* * * LOW HITPOINT WARNING * * *
You are too injured to fight recklessly!
Casting: Ensorcelled Hibernation
Confirm with . or Enter, or press ? or * to list all spells.
Aiming: Ensorcelled Hibernation
Press: ? - help, Shift-Dir - straight line, f - kobold
Aim: a kobold, wielding a dagger (severely wounded, chance to defeat MR: 57%)
The kobold resists with significant effort.
The kobold hits you with a dagger.
You die...

....#.#.#
#.# #.#
.##.#.#.#
#.# #.#
......#.#
#.# #(#
#...#.#.#
#.# #.#
###.###.##
#.# #.#
.........#
#.# #(#
####.#####
#.# #.#
......# #.#
#.# #####.#
#.# #@#
##.# #.#
#K# #..#
#.# #.#
#%#######.#
#.#
#.#.......#
#.#
#.#.#######
#.# #.#.#
#.# #...#
#.# ##
##..#


You could see a kobold.

Vanquished Creatures
  2 dart slugs (D:1)
  2 bats (D:1)
  A giant cockroach (D:1)
  3 goblins (D:1)
  3 hobgoblins (D:1)
  3 jackals (D:1)
  A kobold (D:1)
  A frilled lizard (D:1)
16 creatures vanquished.

Notes
Turn   | Place    | Note
-------+----------+-------------------------------------------
     0 | D:1      | Gorglomux the Spriggan Enchanter began the quest for the Orb.
     0 | D:1      | Reached XP level 1. HP: 9/9 MP: 5/5
   650 | D:1      | Reached XP level 2. HP: 8/13 MP: 6/6
   654 | D:1      | Learned a level 2 spell: Ensorcelled Hibernation
  1061 | D:1      | Slain by a kobold

Skill      XL: |  1  2 |
---------------+-------+-----
Spellcasting   | 3 |  3.3
Short Blades   | |  1.8
Dodging        | |  3.0
Stealth        | |  4.8
Hexes          | |  3.8

Action                   || total
-------------------------++-------
Melee: Dagger            ||    81
 Cast: Corona            ||     9
       Ensorcelled Hiber ||     7
 Stab: Sleeping          ||     5
Armor: Robe              ||    14
Dodge: Dodged            ||    73
